 Dungeon Crawl Stone Soup version 0.19.0-2-gae57169 (webtiles) character file.

81 Querens the Conjurer (level 4, 0/33 HPs)
             Began as a Demigod Conjurer on Nov 3, 2016.
             Slain by Terence
             ... wielding a +0 short sword
              (2 damage)
             ... on level 2 of the Dungeon.
             The game lasted 00:09:55 (1186 turns).

Querens the Conjurer (Demigod Conjurer)             Turns: 1186, Time: 00:09:56

Health: 0/33       AC:  2    Str: 13    XL:     4   Next: 0%
Magic:  3/10       EV: 18    Int: 19    God:
Gold:   103        SH:  0    Dex: 21    Spells: 1 memorised, 7 levels left

rFire  . . .     SeeInvis .     f - +0 dagger
rCold  . . .     Gourm    .     h - +0 robe
rNeg   . . .     Faith    .     (no shield)
rPois  +         Spirit   .     (no helmet)
rElec  .         Reflect  .     (no cloak)
rCorr  .         Harm     .     (no gloves)
MR     .....                    (no boots)
Stlth  +++.......               k - amulet of regeneration
                                (no ring)
                                l - ring of poison resistance

@: agile
A: high mp 1
a: no special abilities


You were on level 2 of the Dungeon.
You were hungry.

You visited 1 branch of the dungeon, and saw 2 of its levels.

You collected 103 gold pieces.

Inventory:

Hand Weapons
 f - a +0 dagger (weapon)
Armour
 h - a +0 robe (worn)
Jewellery
 k - an amulet of regeneration (around neck)
 l - a ring of poison resistance (left hand)
Scrolls
 a - a scroll of noise {unknown}
 d - 3 scrolls of remove curse {unknown}
 g - a scroll of fog {unknown}
 j - a scroll of identify {unknown}
Books
 b - a book of Conjurations

   Spells                             Type                      Level
   a - Magic Dart                     Conjuration                  1
   b - Searing Ray                    Conjuration                  2
   c - Dazzling Spray                 Conjuration/Hexes            3
   d - Fulminant Prism                Conjuration/Hexes            4
   e - Iskenderun's Mystic Blast      Conjuration                  4
   f - Iskenderun's Battlesphere      Conjuration/Charms           5
Comestibles
 c - 2 bread rations
 i - a meat ration


   Skills:
 - Level 1.8 Dodging
 - Level 1.7 Stealth
 + Level 2.6 Spellcasting
 + Level 4.6 Conjurations


You had 7 spell levels left.
You knew the following spells:

 Your Spells              Type           Power        Failure   Level  Hunger
a - Magic Dart            Conj           ###.         2%          1    None


Dungeon Overview and Level Annotations

Branches:
Dungeon (2/15)

Annotations:
D:2 Terence


Innate Abilities, Weirdness & Mutations

You have an increased reservoir of magic. (+10% MP)


Message History

Terence shouts, "DIE!!!"
Terence barely misses you.
You hit Terence but do no damage.
Terence is heavily wounded.
Terence misses you.
You hit Terence but do no damage.
Terence is heavily wounded.
Terence barely misses you.
You hit Terence but do no damage.
Terence is heavily wounded.
Terence hits you with a short sword.
* * * LOW HITPOINT WARNING * * *
You barely miss Terence.
Terence is heavily wounded.
Terence hits you with a short sword!
* * * LOW HITPOINT WARNING * * *
You hit Terence but do no damage.
Terence is heavily wounded.
Terence hits you with a short sword.
You die...

#########
#######.......#
#.......#####.########
#.####..####.....)....
#.##.@@...†...#####..#
###.##.#..#####.# ...
#......#..# #.# .#.
#.#......... ..# .#.
#.##....##### ### ..
#.##....# ## #.##.#.##
#......# ##.....#


You could see Terence.

Vanquished Creatures
  3 adders (D:2)
  3 dart slugs
  A leopard gecko (D:1)
  3 giant cockroaches (D:1)
  9 goblins
  6 hobgoblins
  4 jackals (D:2)
  3 kobolds (D:1)
  A quokka (D:2)
  4 bats
  3 frilled lizards
  3 rats
43 creatures vanquished.

Notes
Turn   | Place    | Note
-------+----------+-------------------------------------------
     0 | D:1      | Querens the Demigod Conjurer began the quest for the Orb.
     0 | D:1      | Reached XP level 1. HP: 14/14 MP: 5/5
   230 | D:1      | Reached XP level 2. HP: 20/20 MP: 0/7
   266 | D:1      | Reached skill level 4 in Conjurations
   782 | D:2      | Reached XP level 3. HP: 23/26 MP: 0/9
  1139 | D:2      | Noticed Terence
  1142 | D:2      | Reached XP level 4. HP: 33/33 MP: 7/10
  1185 | D:2      | HP: 1/33 [Terence/short sword (8)]
  1186 | D:2      | Slain by Terence

Skill      XL: |  1  2 |
---------------+-------+-----
Spellcasting   | 2 |  2.6
Conjurations   | 4 |  4.6
Dodging        | |  1.8
Stealth        | |  1.7

Action                   |  1- 3 |  4- 6 || total
-------------------------+-------+-------++-------
Melee: Dagger            |    54 |    23 ||    77
 Cast: Magic Dart        |    72 |     9 ||    81
  Use: Potion            |       |     1 ||     1
 Stab: Sleeping          |     5 |       ||     5
  Eat: Chunk             |     1 |       ||     1
Armor: Robe              |     6 |       ||     6
Dodge: Dodged            |    45 |    18 ||    63
